 Dungeon Crawl Stone Soup version 0.29-a0-1009-g60c99734e7 (webtiles) character file.

Game seed: 12821353899220566482

1229 leavemydog the Destroyer (level 8, -9/41 HPs)
             Began as a Deep Elf Conjurer on Aug 8, 2022.
             Mangled by Duvessa
             ... wielding a +0 rapier
              (16 damage)
             ... on level 5 of the Dungeon.
             The game lasted 00:09:14 (5339 turns).

leavemydog the Destroyer (Deep Elf Conjurer)        Turns: 5339, Time: 00:09:14

Health: -9/41      AC:  6    Str:  4    XL:     8   Next: 24%
Magic:  10/22      EV: 12    Int: 26    God:
Gold:   263        SH:  0    Dex: 13    Spells: 12/23 levels left

rFire   . . .      SeeInvis +   r - +3 quarterstaff (chaos)
rCold   . . .      Faith    .   (shield currently unavailable)
rNeg    . . .      Spirit   .   a - +0 robe
rPois   .          Reflect  .   (no helmet)
rElec   .          Harm     .   q - +0 cloak
rCorr   .          Rampage  .   (no gloves)
Will    .....                   p - +2 pair of boots
Stlth   ++........              (no amulet)
HPRegen 0.13/turn               n - ring of see invisible
MPRegen 0.18/turn               (no ring)

@: no status effects
A: no striking features
a: no special abilities


You were on level 5 of the Dungeon.
You visited 1 branch of the dungeon, and saw 7 of its levels.

You collected 263 gold pieces.

Inventory:

Hand Weapons
 r - a +3 quarterstaff of chaos (weapon)
Missiles
 f - 2 poisoned darts
 j - 2 curare-tipped darts
 s - 6 boomerangs of dispersal
 y - a throwing net
Armour
 a - a +0 robe (worn)
 p - a +2 pair of boots (worn)
 q - a +0 cloak (worn)
Jewellery
 n - a ring of see invisible (left hand)
Wands
 u - a wand of polymorph (8)
 A - a wand of mindburst (14)
 B - a wand of light (8)
Scrolls
 c - a scroll of teleportation {unknown}
 e - a scroll of enchant weapon {unknown}
 k - a scroll of summoning
 m - 2 scrolls of immolation {unknown}
 t - a scroll of poison {unknown}
 v - 2 scrolls of magic mapping {unknown}
 x - a scroll of noise {unknown}
Potions
 b - a potion of magic
 d - 4 potions of flight
 g - a potion of lignification {unknown}
 h - 3 potions of attraction
 i - 2 potions of might {unknown}
 l - a potion of ambrosia {unknown}
 o - 5 potions of heal wounds
 w - a potion of berserk rage {unknown}


   Skills:
 - Level 2.4 Dodging
 - Level 2.4 Stealth
 + Level 8.4 Spellcasting
 + Level 8.7 Conjurations
 * Level 0.7 Hexes
 * Level 3.9 Translocations


You had 12 spell levels left.
You knew the following spells:

 Your Spells              Type           Power      Damage    Failure   Level
a - Magic Dart            Conj           100%       1d8       1%          1
b - Searing Ray           Conj           100%       2d8       1%          2
c - Iskenderun's Mystic   Conj/Tloc      43%        2d10      4%          4
d - Fulminant Prism       Conj/Hex       17%        3d11      8%          4

Your spell library contained the following spells:

 Spells                   Type           Power      Damage    Failure   Level
 Blink                    Tloc           62%        N/A       1%          2
 Dazzling Flash           Conj/Hex       70%        N/A       2%          3
 Lesser Beckoning         Tloc           31%        N/A       3%          3
 Ensorcelled Hibernation  Hex/Ice        24%        N/A       7%          2
 Spider Form              Tmut/Pois      11%        N/A       16%         3
 Manifold Assault         Tloc           31%        N/A       30%         5
 Anguish                  Hex/Necr       6%         N/A       43%         4


Dungeon Overview and Level Annotations

Branches:
Dungeon (7/15)
 Temple: D:4-7

Altars:

Shops:
D:5 :[?

Annotations:
D:5 1 transporter, Duvessa; rigao's ghost, novice DgFE


Message History

Confirm with . or Enter, or press ? or * to list all spells.
The spell is quite dangerous to miscast (8% risk of failure)!
Continue anyway?
Okay, then.
Casting: Fulminant Prism (quite dangerous; 8% risk of failure)
Confirm with . or Enter, or press ? or * to list all spells.
Aiming: Searing Ray (safe; 1% risk of failure)
Press: ? - help, Shift-Dir - straight line, f/p - Duvessa
Aim: Duvessa, wielding a +0 rapier, wearing a +0 scale mail and carrying a wand of roots (6) (berserk, 87% to hit)
The searing ray hits Duvessa!
Duvessa is lightly wounded. (Press . to maintain the ray.)
The searing ray hits Duvessa but does no damage.
Duvessa is lightly wounded.
Duvessa hits you with a +0 rapier. x2
Casting: Searing Ray (safe; 1% risk of failure)
Confirm with . or Enter, or press ? or * to list all spells.
You erupt in a blast of force!
The mystic blast hits Duvessa!
Duvessa is heavily wounded.
Duvessa is knocked back by the mystic blast.
Casting: Iskenderun's Mystic Blast (dangerous; 4% risk of failure)
Confirm with . or Enter, or press ? or * to list all spells.
Aiming: Searing Ray (safe; 1% risk of failure)
Press: ? - help, Shift-Dir - straight line, f/p - Duvessa
Aim: Duvessa, wielding a +0 rapier, wearing a +0 scale mail and carrying a wand of roots (6) (heavily wounded, berserk, 87% to hit)
The searing ray hits Duvessa!
Duvessa is severely wounded. (Press . to maintain the ray.) Duvessa rages.
The searing ray hits Duvessa.
Duvessa is severely wounded.
Duvessa hits you with a +0 rapier.
The searing ray hits Duvessa.
Duvessa is almost dead.
Duvessa hits you with a +0 rapier! x2
* * * LOW HITPOINT WARNING * * *
The searing ray hits Duvessa but does no damage.
Duvessa is almost dead.
You finish channelling your searing ray.
Duvessa hits you with a +0 rapier!
You die...

#.##...#....∩....##...
#.##.....♣.♣.♣.♣.##...
#.#.......∩.⌠.........
#.#......♣.♣.♣.♣......
#.#####.....∩....##..)
#........♣.♣.♣.♣.##...
######............##..
####e###..###...##..
#..@.# ##.# #.#.....
#....# #!# #.######
#....# #.# #....# #.
..$..# ##...## #...#
#...#


You could see Duvessa (berserk).

Vanquished Creatures
  Sigmund (D:5)
  2 ogres (D:5)
  Blork the orc (D:4)
  2 necrophages (D:5)
  A scorpion (D:5)
  Dowan (D:5)
  3 howler monkeys
  A hound (D:5)
  Crazy Yiuf (D:2)
  An orc priest (D:6)
  Ijyb (D:4)
  4 orc wizards
  2 adders
  11 gnolls
  A worm (D:2)
  4 dart slugs
  21 orcs
  5 ball pythons
  4 endoplasms
  A giant cockroach (D:1)
  2 goblins (D:1)
  4 hobgoblins
  4 jackals (D:2)
  14 kobolds
  2 quokkas (D:1)
  6 bats
  2 frilled lizards
  4 rats
106 creatures vanquished.

Vanquished Creatures (collateral kills)
  A scorpion (D:6)
  2 orcs (D:6)
3 creatures vanquished.

Grand Total: 109 creatures vanquished

Notes
Turn   | Place    | Note
-------+----------+-------------------------------------------
     0 | D:1      | leavemydog the Deep Elf Conjurer began the quest for the
                  | Orb.
     0 | D:1      | Reached XP level 1. HP: 10/10 MP: 6/6
   167 | D:1      | Reached XP level 2. HP: 15/15 MP: 6/8
   201 | D:1      | Learned a level 2 spell: Searing Ray
   252 | D:1      | Reached skill level 5 in Conjurations
   572 | D:1      | Reached XP level 3. HP: 19/19 MP: 7/9
  1882 | D:2      | Found a runed translucent door.
  1883 | D:2      | Noticed Crazy Yiuf
  1891 | D:2      | Killed Crazy Yiuf
  1892 | D:2      | Reached XP level 4. HP: 15/24 MP: 4/11
  2133 | D:3      | Found a faded altar of an unknown god.
  2177 | D:3      | Identified the +1 ring mail "Kyrergh" {*Corrode Fly Regen+
                  | Str+6}
  2669 | D:3      | Learned a level 4 spell: Iskenderun's Mystic Blast
  2717 | D:3      | Reached XP level 5. HP: 28/28 MP: 9/13
  2941 | D:4      | Reached skill level 1 in Translocations
  3030 | D:4      | Noticed Blork the orc
  3037 | D:4      | Killed Blork the orc
  3038 | D:4      | Reached skill level 5 in Spellcasting
  3038 | D:4      | Reached XP level 6. HP: 13/32 MP: 6/15
  3245 | D:4      | Identified the +9 flail "Gucosouk" {vorpal, SInv}
  3561 | D:4      | Identified the +4 pair of gloves "Loimakh" {-Cast Str+8
                  | Dex+7}
  3605 | D:4      | You fall into a shaft and drop 3 floors!
  3815 | D:6      | Reached XP level 7. HP: 27/36 MP: 0/18
  3837 | D:5      | Entered Level 5 of the Dungeon
  4131 | D:4      | Noticed Ijyb
  4138 | D:4      | Killed Ijyb
  4831 | D:5      | Noticed Sigmund
  4846 | D:5      | Killed Sigmund
  4847 | D:5      | Reached XP level 8. HP: 41/41 MP: 10/21
  5095 | D:5      | Found a transporter.
  5102 | D:5      | Found Guinimij's Antique Weapon Shop.
  5117 | D:5      | Learned a level 4 spell: Fulminant Prism
  5148 | D:5      | Found Dufrimedd's Magic Scroll Shop.
  5148 | D:5      | Noticed rigao's ghost (novice DgFE)
  5150 | D:5      | Found Serrymie's Book Shop.
  5150 | D:5      | Noticed Dowan
  5152 | D:5      | Noticed Duvessa
  5200 | D:5      | Killed Dowan
  5288 | D:5      | Found Goivuyk's Antique Armour Shop.
  5339 | D:5      | Mangled by Duvessa

Illustrated notes

Levels and vault maps discovered:
D:1:      wheals_arrival_linesprint, layout_rooms
D:2:      minmay_angry_zag, layout_loops_ring, uniq_crazy_yiuf_cottage
D:3:      layout_basic, shapermc_ecumenical_altar_pompeii
D:4:      layout_rooms, serial_curves, eino_curves_03, eino_curves_02,
          uniq_blork_the_orc, uniq_ijyb
D:5:      layout_basic, marbit_many_paths, gammafunk_ghost_stat_death,
          minmay_shop_grid_forest, uniq_duvessa, uniq_sigmund
D:6:      layout_gridville, minmay_temple_entry_junction
D:7:      nzn_winding_woodlands_medium [nzn_winding_woodlands_5x5_closed_star,
          nzn_winding_woodlands_5x15_lazy_stream,
          nzn_winding_woodlands_5x5_open_star,
          nzn_winding_woodlands_5x5_checkerboard,
          nzn_winding_woodlands_center_lodge, nzn_winding_woodlands_hourglass,
          nzn_winding_woodlands_5x5_cross, nzn_winding_woodlands_5x15_garden,
          nzn_winding_woodlands_5x5_default], layout_basic, trog_wizard,
          serial_shops, kennysheep_little_box, hangedman_decor_push

Skill      XL: |  1  2  3  4  5  6  7  8 |
---------------+-------------------------+-----
Conjurations   | 5 6 7 8 |  8.7
Spellcasting   | 4 5 6 7 8 |  8.4
Translocations | 1 2 3 |  3.9
Dodging        | |  2.4
Stealth        | |  2.4
Hexes          | |  0.7

Action                   |  1- 3 |  4- 6 |  7- 9 || total
-------------------------+-------+-------+-------++-------
 Cast: Magic Dart        |    69 |    71 |   102 ||   242
       Searing Ray       |     1 |    12 |     5 ||    18
       Iskenderun's Myst |       |       |     1 ||     1
  Use: Scroll            |       |     5 |       ||     5
Armor: Robe              |       |     4 |     4 ||     8
Dodge: Dodged            |     6 |    10 |    16 ||    32

Table legend: (Time is in decaauts)
 A = Elapsed time spent in this place.
 B = Non-inter-level travel time spent in this place.
 C = Inter-level travel time spent in this place.
 D = Time resting spent in this place.
 E = Time spent auto-exploring this place.
 F = Levels seen in this place.
 G = Mean time per level.
                   A        B        C        D        E       F      G
               +--------+--------+--------+--------+--------+-----+--------+
         Total |   5337 |   5114 |    223 |   1313 |   3117 |   7 |  762.4 |
       Dungeon |   5337 |   5114 |    223 |   1313 |   3117 |   7 |  762.4 |
               +--------+--------+--------+--------+--------+-----+--------+

Top non-repeatable levels by time:
     D:4: 1194 daAuts
     D:2: 1030 daAuts
     D:1: 989 daAuts
     D:5: 957 daAuts
     D:3: 934 daAuts
     D:7: 163 daAuts
     D:6: 67 daAuts
